 Dungeon Crawl Stone Soup version 0.19.1 (console) character file.

0 Jesseh the Sneak (level 1, -1/21 HPs)
             Began as a Naga Monk on Nov 23, 2016.
             Slain by a hobgoblin
             ... wielding a +0 club
              (2 damage)
             ... on level 1 of the Dungeon.
             The game lasted 00:00:54 (23 turns).

Jesseh the Sneak (Naga Monk)                          Turns: 23, Time: 00:00:55

Health: -1/21      AC:  1    Str: 13    XL:     1   Next: 10%
Magic:  1/1        EV: 10    Int: 10    God:
Gold:   0          SH:  0    Dex: 13    Spells: 0 memorised, 0 levels left

rFire  . . .     SeeInvis +       - Unarmed
rCold  . . .     Gourm    .     a - +0 robe
rNeg   . . .     Faith    .     (no shield)
rPois  +         Spirit   .     (no helmet)
rElec  .         Reflect  .     (no cloak)
rCorr  .         Harm     .     (no gloves)
MR     .....                    (no barding)
Stlth  ++........               (no amulet)
                                (no ring)
                                (no ring)

@: very slow
A: see invisible, deformed body, poison resistance, slowness 2, slow metabolism
1, spit poison 1, AC +0
a: Spit Poison


You were on level 1 of the Dungeon.
You were not hungry.

You visited 1 branch of the dungeon, and saw 1 of its levels.

Inventory:

Armour
 a - a +0 robe (worn)
Comestibles
 b - a bread ration


   Skills:
 + Level 3.0 Fighting
 - Level 2.4 Dodging
 - Level 3.0 Stealth
 + Level 3.0 Unarmed Combat


You couldn't memorise any spells.
You didn't know any spells.

Dungeon Overview and Level Annotations

Branches:
Dungeon (1/15)

Altars:


Innate Abilities, Weirdness & Mutations

You cannot wear boots.
Your serpentine skin is tough. (AC +0)
You have supernaturally acute eyesight. (SInv)
Armour fits poorly on your strangely shaped body.
Your system is resistant to poisons. (rPois)
You cover ground very slowly.
You have a slow metabolism.
You can spit poison.


Message History

Welcome, Jesseh the Naga Monk.
It is said that the Orb of Zot exists deep within this dungeon.
Found two stairs.
A hobgoblin comes into view. It is wielding a club.
Currently training: Fighting(3), Unarmed Combat(3).
Choose a target skill level: A hobgoblin is nearby!
You aren't carrying or standing over any spellbooks.
A hobgoblin is nearby!
The hobgoblin shouts!
You open the door.
There is an open door here.
A bat comes into view.
A rat comes into view.
The hobgoblin closely misses you. The hobgoblin barely misses you.
You hit the rat. The rat bites you.
The hobgoblin hits you but does no damage.
You hit the rat.
You kill the rat!
The hobgoblin hits you but does no damage.
You see here a rat corpse.
You butcher the rat corpse.
The hobgoblin misses you.
You see here a chunk of flesh.
You hit the hobgoblin but do no damage. The hobgoblin hits you with a club.
You hit the hobgoblin. You barely miss the hobgoblin.
The hobgoblin hits you but does no damage.
You hit the hobgoblin but do no damage. The hobgoblin hits you with a club.
You hit the hobgoblin. The hobgoblin hits you with a club.
* * * LOW HITPOINT WARNING * * *
You hit the hobgoblin but do no damage. The bat hits you but does no damage.
The hobgoblin hits you with a club.
* * * LOW HITPOINT WARNING * * *
You closely miss the hobgoblin. The bat completely misses you.
The hobgoblin closely misses you.
You closely miss the hobgoblin. The bat hits you.
* * * LOW HITPOINT WARNING * * *
The bat barely misses you. The hobgoblin hits you with a club.
You die...

...▒ ...▒▒
....▒▒ ▒
▒▒.... ▒€
..▒.▒
.▒▒.▒▒▒...▒
..........▒
......bN..▒
.....▒.▒g.▒
... ▒....▒▒
......▒▒▒..▒
▒..▒. ▒▒.▒
▒. ▒. ▒.▒
▒▒+▒▒▒'▒▒
▒..g▒...▒
▒.>r▒...▒


You could see a hobgoblin and a bat.

Vanquished Creatures
  A rat (D:1)
1 creature vanquished.

Notes
Turn   | Place    | Note
-------+----------+-------------------------------------------
     0 | D:1      | Jesseh the Naga Monk began the quest for the Orb.
     0 | D:1      | Reached XP level 1. HP: 21/21 MP: 1/1
    21 | D:1      | HP: 2/21 [hobgoblin/club (6)]
    23 | D:1      | Slain by a hobgoblin

Action                   || total
-------------------------++-------
Melee: Unarmed           ||    10
Armor: Robe              ||     2
Dodge: Dodged            ||     6

Vault maps used:
D:1:      minmay_arrival_up_and_down

Table legend:
 A = Turns spent in this place as a percentage of turns spent in the entire game.
 B = Non-inter-level travel turns spent in this place as a percentage of non-inter-level travel turns spent in the entire game.
 C = Inter-level travel turns spent in this place as a percentage of turns spent in this place.
 D = Turns resting spent in this place as a percentage of non-inter-level travel turns spent in this place.
 E = Turns spent auto-exploring this place as a percentage of non-inter-level travel turns spent in this place.
 F = Non-inter-level travel turns spent in this place divided by the number of levels of this place that you've seen.
                   A       B       C       D       E      F
               +-------+-------+-------+-------+-------+----------------------
         Total | 100.0 | 100.0 |   0.0 |   0.0 |   3.7 |  27.0
       Dungeon | 100.0 | 100.0 |   0.0 |   0.0 |   3.7 |  27.0
               +-------+-------+-------+-------+-------+----------------------

Table legend:
 A = Kills in this place as a percentage of kills in entire the game.
 B = Kills by you in this place as a percentage of kills by you in the entire game.
 C = Kills by friends in this place as a percentage of kills by friends in the entire game.
 D = Other kills in this place as a percentage of other kills in the entire game.
 E = Experience gained in this place as a percentage of experience gained in the entire game.
 F = Experience gained in this place divided by the number of levels of this place that you have seen.
                   A       B       C       D       E      F
               +-------+-------+-------+-------+-------+----------------------
         Total | 100.0 | 100.0 |  -nan |  -nan | 100.0 |   1.0
       Dungeon | 100.0 | 100.0 |  -nan |  -nan | 100.0 |   1.0
               +-------+-------+-------+-------+-------+----------------------
